 Dungeon Crawl Stone Soup version 0.23.2-40-g277498a001 (webtiles) character file.

Game seed: 3586118715252507899

25714 HydroHomie08 the Blocker (level 13, -13/97 HPs)
             Began as a Halfling Warper on Sept 29, 2019.
             Was an Initiate of Gozag.
             Mangled by an entropy weaver (15 damage)
             ... on level 4 of the Lair of Beasts.
             The game lasted 01:10:27 (25337 turns).

HydroHomie08 the Blocker (Halfling Warper)         Turns: 25337, Time: 01:10:29

Health: -13/97     AC:  1    Str: 12    XL:     13   Next: 52%
Magic:  20/20      EV: 12    Int: 15    God:    Gozag
Gold:   3197       SH:  8    Dex: 15    Spells: 13/22 levels left

rFire    . . .     SeeInvis .   b - +0 hunting sling
rCold    . . .     Gourm    .   A - +0 buckler
rNeg     . . .     Faith    .   X - +1 scale mail {rPois}
rPois    +         Spirit   .   (no helmet)
rElec    .         Reflect  .   H - +0 cloak
rCorr    .         Harm     .   k - +0 pair of gloves
MR       .....                  (no boots)
Stlth    ..........             u - amulet of regeneration
HPRegen  0.66/turn              o - +1 ring of evasion
MPRegen  0.17/turn              (no ring)

@: corroded
A: small, mutation resistance 1
a: Potion Petition, Call Merchant, Bribe Branch, Renounce Religion


You were on level 4 of the Lair of Beasts.
You worshipped Gozag.
Gozag was most pleased with you.
You were not hungry.

You visited 3 branches of the dungeon, and saw 18 of its levels.

You collected 3505 gold pieces.
You spent 232 gold pieces at shops.
You paid 76 gold pieces to Gozag.

Inventory:

Hand Weapons
 a - a +0 short sword of venom
 b - a +0 hunting sling (weapon)
 m - the +7 hand axe "Newt's Nightmare" {chop, rF++ Str+3}
   (You bought it in a shop on level 5 of the Dungeon)

   It inflicts extra damage upon your enemies.
   It affects your strength (+3).
   It greatly protects you from fire.
 E - a +0 blowgun
Missiles
 c - 138 stones
 v - 27 sling bullets (quivered)
 D - 6 curare-tipped needles
 K - 5 poisoned tomahawks
Armour
 i - a +0 shield
 k - a +0 pair of gloves (worn)
 A - a +0 buckler (worn)
 H - a +0 cloak (worn)
 O - a +1 scale mail of cold resistance
 U - the +1 fire dragon scales of Omission {rF++ rC- Stlth+}
   (You found it on level 5 of the Dungeon)

   It greatly protects you from fire.
   It makes you vulnerable to cold.
   It makes you more stealthy.
 X - a +1 scale mail of poison resistance (worn)
Jewellery
 o - a +1 ring of evasion (left hand)
 u - an amulet of regeneration (around neck)
 W - an uncursed ring of poison resistance {unknown}
Wands
 e - a wand of iceblast (13)
 I - a wand of digging (4)
 L - a wand of flame (51)
 M - a wand of disintegration (28)
Scrolls
 d - 6 scrolls of blinking
 g - 4 scrolls of enchant weapon {unknown}
 h - 4 scrolls of teleportation
 j - 5 scrolls of enchant armour {unknown}
 n - 7 scrolls of remove curse
 s - a scroll of random uselessness {unknown}
 t - a scroll of noise {unknown}
 x - 3 scrolls of immolation {unknown}
 y - 6 scrolls of amnesia {unknown}
 B - a scroll of holy word {unknown}
 C - 2 scrolls of magic mapping {unknown}
 Q - 2 scrolls of fear
 R - a scroll of fog
 V - 2 scrolls of identify
 Z - a scroll of vulnerability
Potions
 l - 3 potions of mutation
 p - a potion of invisibility
 q - 8 potions of brilliance
 r - 5 potions of flight
 w - 8 potions of curing
 z - 2 potions of might
 F - 2 potions of haste
 G - 2 potions of agility
 N - a potion of resistance
 P - a potion of cancellation
 S - 2 potions of berserk rage
 T - a potion of ambrosia
 Y - 2 potions of heal wounds
Miscellaneous
 J - a phial of floods (inert)
Comestibles
 f - 9 rations


   Skills:
 + Level 12.2 Fighting
 - Level 5.5 Short Blades
 - Level 12.0 Slings
 - Level 1.0(5.4) Throwing
 - Level 1.1 Armour
 - Level 2.1 Dodging
 + Level 12.9 Shields
 - Level 5.0 Spellcasting
 - Level 7.0 Translocations


You had 13 spell levels left.
You knew the following spells:

 Your Spells              Type           Power        Failure   Level  Hunger
a - Teleport Other        Tloc           ###.....     14%         3    ###....
b - Blink                 Tloc           N/A          8%          2    ##.....
c - Passage of Golubria   Tloc           N/A          43%         4    ####...

Your spell library contained the following spells:

 Spells                   Type           Power        Failure   Level  Hunger
 Apportation              Tloc           ###...       4%          1    None
 Gell's Gravitas          Tloc           ###.......   14%         3    ###....
 Lesser Beckoning         Tloc           ###.......   14%         3    ###....
 Shroud of Golubria       Chrm/Tloc      ##........   30%         2    ##.....
 Animate Skeleton         Necr           N/A          65%         1    None
 Confusing Touch          Hex            #.....       65%         1    None
 Freeze                   Ice            #...         65%         1    None
 Magic Dart               Conj           #...         65%         1    None
 Summon Butterflies       Summ           #.......     65%         1    None
 Summon Small Mammal      Summ           #...         65%         1    None
 Call Imp                 Summ           #.......     78%         2    ##.....
 Slow                     Hex            #.......     78%         2    ##.....
 Throw Frost              Conj/Ice       #.....       78%         2    ##.....
 Call Canine Familiar     Summ           #.......     95%         3    ###....
 Conjure Flame            Conj/Fire      #.......     95%         3    ###....
 Mephitic Cloud           Conj/Pois/Air  #.......     95%         3    ###....
 Ozocubu's Armour         Chrm/Ice       #.......     95%         3    ###....
 Summon Ice Beast         Ice/Summ       #.......     100%        4    ####...
 Throw Icicle             Conj/Ice       #.......     100%        4    ####...
 Bolt of Magma            Conj/Fire/Erth #.........   100%        5    ######.
 Iskenderun's Battlesphe  Conj/Chrm      #.......     100%        5    ######.
 Summon Mana Viper        Hex/Summ       #.......     100%        5    ######.
 Venom Bolt               Conj/Pois      #.........   100%        5    ######.
 Iron Shot                Conj/Erth      #.........   100%        6    #######
 Orb of Destruction       Conj           #.........   100%        7    #######
 Spellforged Servitor     Conj/Summ      #.........   100%        7    #######
 Summon Hydra             Summ           #.........   100%        7    #######


Dungeon Overview and Level Annotations

Branches:
Dungeon (12/15)            Temple (1/1) D:5            Lair (5/6) D:9
 Shoals (0/4) Lair:3        Snake (0/4) Lair:3
  Slime: Lair:5-6       Orc: D:9-12

Altars:
Ashenzari
Cheibriados
Dithmenos
Elyvilon
Fedhas
Gozag
Hepliaklqana
Kikubaaqudgha
Makhleb
Nemelex Xobeh
Okawaru
Qazlal
Ru
Sif Muna
Trog
Uskayaw
Vehumet
Wu Jian
Xom
Yredelemnul
Zin
The Shining One

Shops:
D:5 (   D:6 *   D:9 *

Annotations:
D:6 4 runed translucent doors, Exodus22XD's ghost, novice DEIE
D:10 exclusion: downstairs
Lair:1 exclusion: downstairs


Innate Abilities, Weirdness & Mutations

You are small and have problems with some larger weapons.
You are somewhat resistant to further mutation.


Message History

* * * LOW HITPOINT WARNING * * *
Your water elemental closely misses the entropy weaver.
Evoke which item? (* to show all) (? for menu, Esc to quit)
Aiming: Iceblast
Press: ? - help, Shift-Dir - straight line The mass of ice explodes!
The iceblast engulfs the entropy weaver!
The entropy weaver is severely wounded.
The entropy weaver barely misses you. The entropy weaver misses you.
The entropy weaver hits you.
* * * LOW HITPOINT WARNING * * *
The entropy weaver hits you!
* * * LOW HITPOINT WARNING * * *
Your water elemental hits the entropy weaver.
Your water elemental engulfs the entropy weaver in water!
You block the entropy weaver's attack. The entropy weaver hits you.
* * * LOW HITPOINT WARNING * * *
The entropy weaver hits you!
You die...
Your body crumbles into a pile of gold.

#..........≈≈≈≈≈...##...
##.........≈≈≈≈§≈........
#..............§§...#....
#.#............§.........
#........................
##..................PP#P#.
#.................≈≈##≈##.
##.......E≈........≈≈≈≈##.
#.......@a≈....(.≈≈≈≈≈#..
#........≈.......#≈≈≈≈≈#.
###.................≈≈≈≈##.
#..................#...###.
###........................
#.#..#.#..P##...##..######
#####.#...########### #
###...## #.#...#


You could see an entropy weaver and a friendly water elemental.

Vanquished Creatures
  3 hydras
  A two-headed ogre (D:11)
  A death yak (Lair:3)
  A manticore (D:11)
  A cyclops (D:10)
  3 black mambas
  6 elephants (Lair:5)
  6 spiny frogs
  4 komodo dragons
  A troll (D:10)
  4 blink frogs (Lair:2)
  A meliai zombie (D:11)
  8 hippogriffs
  18 yaks
  A spriggan (D:8)
  Eustachio (D:5)
  A steam dragon (D:11)
  2 basilisks
  A hungry ghost (D:11)
  Edmund (D:4)
  3 soldier ants
  11 water moccasins
  14 porcupines
  5 ice beasts
  4 black bears
  3 orc warriors
  3 sky beasts (D:10)
  An eye of draining (D:10)
  4 ogres
  7 centaurs
  2 wolves (Lair:1)
  2 big kobolds
  7 crocodiles
  12 bullfrogs
  6 scorpions
  8 wights
  5 howler monkeys
  2 bullfrog zombies
  A centaur zombie (D:5)
  5 crimson imps
  5 jellies
  6 hounds
  A bullfrog skeleton (D:5)
  4 centaur skeletons
  4 orc priests
  7 orc wizards
  Jessica (D:3)
  A gnoll shaman (D:9)
  4 iguanas
  Natasha (thrice) (D:3)
  11 worker ants
  2 hound zombies
  2 hound skeletons
  3 gnolls (D:9)
  9 adders
  2 shadow imps (D:7)
  An ooze (D:3)
  An adder zombie (D:9)
  An adder skeleton (D:9)
  4 dart slugs
  4 worms
  6 leopard geckos
  32 orcs
  A ball python (D:2)
  7 giant cockroaches
  9 hobgoblins
  12 jackals
  21 kobolds
  6 quokkas
  5 bats
  8 frilled lizards
  5 goblins
  A kobold zombie (D:6)
  A quokka skeleton (D:8)
  2 quokka zombies
  7 rats
  A fungus (Lair:5)
  A plant (Lair:3)
371 creatures vanquished.

Vanquished Creatures (others)
  2 bushes
  13 fungi
  20 plants
35 creatures vanquished.

Grand Total: 406 creatures vanquished

Notes
Turn   | Place    | Note
-------+----------+-------------------------------------------
     0 | D:1      | HydroHomie08 the Halfling Warper began the quest for the
                  | Orb.
     0 | D:1      | Reached XP level 1. HP: 14/14 MP: 3/3
   185 | D:1      | Reached XP level 2. HP: 19/19 MP: 4/4
   189 | D:1      | Learned a level 2 spell: Blink
   606 | D:1      | Reached XP level 3. HP: 24/24 MP: 5/5
   655 | D:1      | Reached skill level 1 in Slings
  1085 | D:2      | Reached XP level 4. HP: 25/30 MP: 6/6
  1635 | D:2      | Found a faded altar of an unknown god.
  1655 | D:2      | Found a deep blue altar of Sif Muna.
  2304 | D:3      | Noticed Jessica
  2820 | D:3      | Reached XP level 5. HP: 35/35 MP: 7/7
  3029 | D:3      | Noticed Natasha
  3264 | D:4      | Noticed a bullfrog
  3650 | D:3      | Killed Jessica
  3650 | D:3      | Reached XP level 6. HP: 42/42 MP: 8/8
  3727 | D:3      | Reached skill level 5 in Slings
  4274 | D:4      | Noticed Edmund
  4312 | D:3      | Killed Natasha
  4312 | D:3      | Reached skill level 5 in Short Blades
  4312 | D:3      | Reached XP level 7. HP: 46/46 MP: 9/9
  4418 | D:3      | Noticed Natasha
  4432 | D:3      | Killed Natasha
  4694 | D:3      | Noticed Natasha
  4712 | D:3      | Killed Natasha
  5575 | D:5      | Entered Level 5 of the Dungeon
  5729 | D:5      | Found Zialle's Antique Weapon Shop.
  5988 | D:5      | Noticed Eustachio
  6049 | D:4      | Killed Edmund
  6049 | D:4      | Reached XP level 8. HP: 44/54 MP: 10/10
  6098 | D:5      | Found a staircase to the Ecumenical Temple.
  6107 | Temple   | Entered the Ecumenical Temple
  6170 | Temple   | Became a worshipper of Gozag Ym Sagoz the Greedy
  6229 | D:5      | Killed Eustachio
  6647 | D:6      | Reached skill level 5 in Fighting
  6647 | D:6      | Reached skill level 10 in Slings
  6819 | D:6      | Found a shadowy altar of Dithmenos.
  6900 | D:6      | Reached XP level 9. HP: 56/61 MP: 11/11
  6923 | D:6      | Found Uteonue's Assorted Antiques.
  6930 | D:6      | Found a runed translucent door.
  6971 | D:6      | Found a basalt altar of Yredelemnul.
  7055 | D:6      | Reached skill level 1 in Shields
  7288 | D:6      | Found a runed translucent gate.
  7288 | D:6      | Found a runed translucent gate.
  7288 | D:6      | Found a runed translucent gate.
  7289 | D:6      | Noticed Exodus22XD's ghost (novice DEIE)
  7346 | D:6      | Found a radiant altar of Vehumet.
  7386 | D:6      | Found an ornate altar of the Wu Jian Council.
  7386 | D:6      | Found a stormy altar of Qazlal.
  9293 | D:8      | Found a snail-covered altar of Cheibriados.
  9293 | D:8      | Found a burning altar of Makhleb.
  9887 | D:8      | Reached skill level 5 in Shields
  9887 | D:8      | Reached XP level 10. HP: 27/69 MP: 0/12
 10049 | D:8      | Found a glowing golden altar of the Shining One.
 10386 | D:9      | Found a stormy altar of Qazlal.
 10818 | D:8      | Learned a level 3 spell: Teleport Other
 10823 | D:8      | Learned a level 4 spell: Passage of Golubria
 11114 | D:9      | Found a staircase to the Lair.
 12220 | D:9      | Found Zathi's General Store.
 12424 | D:10     | Entered Level 10 of the Dungeon
 12486 | D:10     | Reached XP level 11. HP: 78/78 MP: 15/15
 12512 | D:10     | Reached skill level 5 in Translocations
 12577 | D:10     | Found a stormy altar of Qazlal.
 13754 | D:11     | Noticed a cyclops
 13754 | D:11     | Noticed a manticore
 13934 | D:10     | Killed a cyclops
 14455 | D:11     | Found an opulent altar of Gozag.
 14802 | D:11     | Noticed a two-headed ogre
 14857 | D:11     | Killed a two-headed ogre
 15299 | D:11     | Killed a manticore
 15739 | D:5      | Got shimmering fire dragon scales
 15750 | D:5      | Identified the +1 fire dragon scales of Omission {rF++ rC-
                  | Stlth+} (You found it on level 5 of the Dungeon)
 15831 | D:5      | Bought a translucent hand axe for 232 gold pieces
 15831 | D:5      | Identified the +7 hand axe "Newt's Nightmare" {chop, rF++
                  | Str+3} (You bought it in a shop on level 5 of the Dungeon)
 15973 | Lair:1   | Entered Level 1 of the Lair of Beasts
 16762 | Lair:1   | Reached XP level 12. HP: 65/86 MP: 18/18
 17982 | Lair:2   | Reached skill level 5 in Spellcasting
 18153 | Lair:2   | Noticed a six-headed hydra
 18680 | Lair:1   | Reached skill level 10 in Fighting
 18680 | Lair:1   | Reached skill level 10 in Shields
 19880 | Lair:2   | Killed a six-headed hydra
 20151 | Lair:2   | Noticed a four-headed hydra
 20170 | Lair:2   | Killed a four-headed hydra
 20398 | Lair:3   | Found a staircase to the Snake Pit.
 20641 | Lair:3   | Found a staircase to the Shoals.
 22347 | Lair:4   | Reached XP level 13. HP: 95/95 MP: 20/20
 23666 | Lair:5   | Noticed an eight-headed hydra
 23690 | Lair:5   | Killed an eight-headed hydra
 24857 | Lair:5   | Noticed an entropy weaver
 24857 | Lair:5   | Noticed an entropy weaver
 25337 | Lair:4   | HP: 2/97 [entropy weaver (6)]
 25337 | Lair:4   | Mangled by an entropy weaver

Skill      XL: |  1  2  3  4  5  6  7  8  9 10 11 12 13 |
---------------+----------------------------------------+-----
Fighting       | 2 3 4 5 6 8 9 11 12 | 12.2
Short Blades   | 3 4 5 |  5.5
Slings         | 2 3 4 6 8 10 12 | 12.0
Shields        | 5 7 9 11 12 | 12.9
Spellcasting   | 2 4 5 |  5.0
Translocations | 4 7 |  7.0
Throwing       | |  1.0
Armour         | |  1.1
Dodging        | |  2.1

Action                   |  1- 3 |  4- 6 |  7- 9 | 10-12 | 13-15 || total
-------------------------+-------+-------+-------+-------+-------++-------
Melee: Short sword       |    40 |       |     9 |    37 |     8 ||    94
       Hunting sling     |       |       |       |     2 |       ||     2
 Fire: Hunting sling     |    69 |   282 |   720 |  1943 |   617 ||  3631
Throw: Stone             |    11 |       |       |       |       ||    11
       Tomahawk          |       |     5 |       |     6 |       ||    11
 Cast: Blink             |     2 |       |     9 |    72 |    52 ||   135
       Teleport Other    |       |       |       |    16 |     2 ||    18
Evoke: Wand              |       |       |     4 |     8 |    14 ||    26
       Phial of floods   |       |       |       |       |     1 ||     1
  Use: Scroll            |     3 |     3 |     1 |    15 |     2 ||    24
       Potion            |       |     3 |       |     4 |     1 ||     8
  Eat: Chunk             |     1 |     9 |     2 |     2 |       ||    14
       Ration            |       |       |     4 |    12 |     3 ||    19
Armor: Leather armour    |    17 |    24 |    70 |    74 |       ||   185
       Scale mail        |       |       |       |    92 |    62 ||   154
Dodge: Dodged            |    38 |   119 |   214 |   369 |   117 ||   857
Block: Buckler           |       |       |       |   225 |   106 ||   331
